 Dungeon Crawl Stone Soup version 0.30-a0-696-g2367cd04db (webtiles) character file.

Game seed: 2657029585064572033

68 wormed the Firebug (level 4, -4/30 HPs)
             Began as a Demonspawn Fire Elementalist on Jan 20, 2023.
             Killed by divine providence
             ... invoked by an orc priest
              (9 damage)
             ... on level 3 of the Dungeon.
             The game lasted 00:02:52 (2157 turns).

wormed the Firebug (Demonspawn Fire Elementalist)   Turns: 2157, Time: 00:02:52

Health: -4/30      AC:  4    Str:  9    XL:     4   Next: 1%
Magic:  0/8        EV: 12    Int: 18    God:
Gold:   143        SH:  0    Dex: 13    Spells: 5/8 levels left

rFire   + . .      SeeInvis .    k - +0 scimitar
rCold   . . .      Faith    .    (no shield)
rNeg    . . .      Spirit   .    o - +1 robe of Claustrophobia {rPois rF+ Stlth+}
rPois   +          Reflect  .    (helmet restricted)
rElec   .          Harm     .    d - +0 cloak
rCorr   .          Rampage  .    (no gloves)
Will    .....                    (no boots)
Stlth   +++                      (no amulet)
HPRegen 0.25/turn                (no ring)
MPRegen 0.11/turn                (no ring)

@: no status effects
A: antennae 1, powered by death 1
a: no special abilities


You were on level 3 of the Dungeon.
You visited 1 branch of the dungeon, and saw 3 of its levels.

You collected 143 gold pieces.

Inventory:

Hand Weapons
 k - a +0 scimitar (weapon)
Armour
 d - a +0 cloak (worn)
 o - the +1 robe of Claustrophobia (worn) {rPois rF+ Stlth+}
   (You found it on level 2 of the Dungeon)

   rF:        It protects you from fire.
   rPois:     It protects you from poison.
   Stlth:     It makes you more stealthy.
Scrolls
 a - 2 scrolls of fog {unknown}
 b - a scroll of blinking {unknown}
 c - a scroll of poison {unknown}
 e - 3 scrolls of identify {unknown}
 l - 2 scrolls of torment {unknown}
 p - a scroll of enchant armour {unknown}
 q - a scroll of teleportation {unknown}
 r - a scroll of magic mapping {unknown}
Potions
 f - a potion of resistance {unknown}
 g - a potion of attraction {unknown}
 h - 3 potions of curing {unknown}
 i - 3 potions of heal wounds {unknown}
 m - a potion of flight {unknown}
 n - a potion of might {unknown}


   Skills:
 - Level 1.7 Dodging
 - Level 1.7 Stealth
 + Level 2.8 Spellcasting
 + Level 2.3 Conjurations
 + Level 3.3 Fire Magic


You had 5 spell levels left.
You knew the following spells:

 Your Spells              Type           Power      Damage    Failure   Level
a - Foxfire               Conj/Fire      48%        2x1d6     5%          1
b - Scorch                Fire           28%        2d6       6%          2

Your spell library contained the following spells:

 Spells                   Type           Power      Damage    Failure   Level
 Inner Flame              Hex/Fire       8%         N/A       26%         3
 Kindle Blastsparks       Fire/Tloc/Air  12%        2d11      32%         3
 Flame Wave               Conj/Fire      12%        2d6       45%         4


Dungeon Overview and Level Annotations

Branches:
Dungeon (3/15)

Altars:

Annotations:
D:2 Sigmund


Innate Abilities, Weirdness & Mutations

You have a pair of small antennae on your head.
You regenerate a little health from kills.


Message History

Casting: Scorch (safe; 6% risk of failure)
Confirm with . or Enter, or press ? or * to list all spells.
Flames lash the orc.
You kill the orc!
You have reached level 4!
You feel stronger.
Your demonic ancestry asserts itself...
A pair of antennae grows on your head!
Your +0 helmet falls away!
You drop a +0 helmet.
An orc priest comes into view. It is wielding a +0 whip.
An orc priest is nearby!
An orc priest is nearby!
An orc priest is nearby!
Casting: Scorch (safe; 6% risk of failure)
Confirm with . or Enter, or press ? or * to list all spells.
You don't have enough magic to cast this spell.
The orc priest invokes the aid of Beogh against you.
Pain shoots through your body!
You see here a +0 hand axe.
Found 10 gold pieces.
The orc priest hits you with a +0 whip!
You closely miss the orc priest.
The orc priest looks braver for a moment.
You slash the orc priest!
The orc priest is heavily wounded.
The orc priest calls down the wrath of Beogh upon you.
Beogh smites you!
* * * LOW HITPOINT WARNING * * *
Your magical contamination has completely faded away.
Casting: Scorch (safe; 6% risk of failure)
Confirm with . or Enter, or press ? or * to list all spells.
Flames lash the orc priest.
The orc priest is almost dead.
The orc priest's fire resistance burns away.
The orc priest misses you.
You hit the orc priest.
The orc priest is almost dead.
The orc priest closely misses you.
The orc priest invokes the aid of Beogh against you.
Beogh smites you!
You die...

# ####.# ####### #...
#.....###.#
#.###.#...########..
#.# #>....[)@......$
####'###########o......
#.....# .###.## #.....#
.. +.....### ###
#.......## #........#
##'#+#.#.# #.# .....


You could see an orc priest (combustible).

Vanquished Creatures
  2 adders
  A worm (D:2)
  3 dart slugs
  2 orcs (D:3)
  4 bats
  4 endoplasms
  2 giant cockroaches (D:1)
  2 goblins (D:1)
  5 hobgoblins
  2 quokkas
  3 ball pythons
  4 frilled lizards
  3 kobolds
  A rat (D:2)
38 creatures vanquished.

Vanquished Creatures (others)
  35 foxfires
  A plant (D:2)
36 creatures vanquished.

Grand Total: 74 creatures vanquished

Notes
Turn   | Place    | Note
-------+----------+-------------------------------------------
     0 | D:1      | wormed the Demonspawn Fire Elementalist began the quest for
                  | the Orb.
     0 | D:1      | Reached XP level 1. HP: 13/13 MP: 3/3
   433 | D:1      | Gained mutation: You regenerate a little health from kills.
                  | [demonic ancestry]
   433 | D:1      | Reached XP level 2. HP: 19/19 MP: 1/5
   653 | D:1      | Learned a level 2 spell: Scorch
   654 | D:1      | Reached skill level 3 in Fire Magic
  1396 | D:2      | Reached XP level 3. HP: 18/24 MP: 0/6
  1654 | D:2      | Noticed Sigmund
  1944 | D:2      | Identified the +1 robe of Claustrophobia {rPois rF+ Stlth+}
  2151 | D:3      | Gained mutation: You have a pair of small antennae on your
                  | head. [demonic ancestry]
  2151 | D:3      | Reached XP level 4. HP: 30/30 MP: 1/8
  2157 | D:3      | Killed from afar by an orc priest

Illustrated notes

Levels and vault maps discovered:
D:1:      scummos_arrival_gate, layout_basic
D:2:      layout_rooms, chequers_mini_garden, guppyfry_early_lair_pool,
          uniq_sigmund
D:3:      layout_basic, minmay_misc_feat_doors, minmay_lizard_king,
          uniq_crazy_yiuf_cottage

Skill      XL: |  1  2  3 |
---------------+----------+-----
Fire Magic     | 3 |  3.3
Conjurations   | 2 |  2.3
Dodging        | |  1.7
Stealth        | |  1.7
Spellcasting   | |  2.8

Action                   |  1- 3 |  4- 6 || total
-------------------------+-------+-------++-------
Melee: Unarmed           |    10 |       ||    10
       Scimitar          |    15 |     3 ||    18
 Cast: Foxfire           |    22 |       ||    22
       Scorch            |    26 |     1 ||    27
  Use: Potion            |     1 |       ||     1
Armor: Robe              |    16 |       ||    16
Dodge: Dodged            |    43 |     2 ||    45

Table legend: (Time is in decaauts)
 A = Elapsed time spent in this place.
 B = Non-inter-level travel time spent in this place.
 C = Inter-level travel time spent in this place.
 D = Time resting spent in this place.
 E = Time spent auto-exploring this place.
 F = Levels seen in this place.
 G = Mean time per level.
                   A        B        C        D        E       F      G
               +--------+--------+--------+--------+--------+-----+--------+
         Total |   2164 |   2043 |    121 |    152 |   1498 |   3 |  721.3 |
       Dungeon |   2164 |   2043 |    121 |    152 |   1498 |   3 |  721.3 |
               +--------+--------+--------+--------+--------+-----+--------+

Top non-repeatable levels by time:
     D:1: 1550 daAuts
     D:2: 472 daAuts
     D:3: 142 daAuts
